Avalanche vs Capitals
Created - 9 mars 2015 at 19:22
Goals
|
| Avalanche |
0 |
3 |
1 |
0 |
1 |
5 |
| Capitals |
1 |
2 |
1 |
0 |
0 |
4 |
|
Shots
|
| Avalanche |
14 |
12 |
9 |
1 |
3 |
36 |
| Capitals |
8 |
8 |
8 |
3 |
3 |
27 |
|
1st period
1. Capitals , Phil Kessel 18 (Nicklas Backstrom) at 9:53
Penalties :
No Penalty
2nd period
2. Avalanche , Rostislav Olesz 5 (Brian Campbell, Marty Turco) at 2:52
3. Capitals , Paul Stastny 21 (Ryane Clowe) at 3:41
4. Avalanche , Mike Comrie 19 (Dustin Byfuglien) at 5:33
5. Avalanche , Mike Comrie 20 (Dustin Byfuglien, Chuck Kobasew) at 10:01
6. Capitals , Phil Kessel 19 (Nicklas Backstrom) at 10:11 (PP)
Penalties :
Jason Allison (Col) for Hooking (Minor) at 10:08, Andrew Ladd (Col) for Holding (Minor) at 19:20
3rd period
7. Avalanche , Rostislav Olesz 6 (Tim Ramholt) at 7:27
8. Capitals , Phil Kessel 20 (Zdeno Chara, Nicklas Backstrom) at 18:55
Penalties :
Phil Kessel (Was) for Delaying the game (Minor) at 1:02, Ryan Getzlaf (Was) for Tripping (Minor) at 11:10
Overtime #1
No Goal
Penalties :
No Penalty
Shootout
Penalty Shot by Dustin Byfuglien for Avalanche - Goal!
Penalty Shot by Ryane Clowe for Capitals - Stopped by Marty Turco
Penalty Shot by Jason Pominville for Avalanche - Shot Misses the Net
Penalty Shot by Nicklas Backstrom for Capitals - Stopped by Marty Turco
Penalty Shot by Pierre-Marc Bouchard for Avalanche - Shot Misses the Net
Penalty Shot by Ryan Getzlaf for Capitals - Shot Misses the Net
Penalties :
No Penalty
Goalie Stats
Marty Turco (Col), 23 saves from 27 shots - (0,852), W, 11-9-0, 65:00 minutes
Jaroslav Halak (Was), 32 saves from 36 shots - (0,889), OTL, 19-20-4, 65:00 minutes
Players Stats for Avalanche
Player Name G A P +/- PIM S H SB GA TA FO MP PP MP PK MP
------------------------------------------------------------------------------------
Andrew Ladd 0 0 0 1 2 3 1 0 0 0 0/0 11:58 0:13 0:03
Brian Campbell 0 1 1 2 0 4 0 1 0 1 0/0 21:16 2:00 0:00
Bryan Little 0 0 0 1 0 1 2 0 2 0 1/1 12:55 1:53 0:00
Chuck Kobasew 0 1 1 1 0 0 0 0 0 1 0/0 11:52 0:00 1:04
Dave Tanabe 0 0 0 -1 0 1 0 0 0 1 0/0 21:17 1:30 0:49
Dustin Byfuglien 0 2 2 1 0 2 3 0 0 0 0/2 12:13 0:09 0:00
Jack Johnson 0 0 0 0 0 2 0 1 0 1 0/0 26:41 2:11 0:56
Jason Allison 0 0 0 -2 2 1 0 2 0 0 10/23 21:57 1:39 0:13
Jason Pominville 0 0 0 -2 0 5 2 0 1 0 1/2 21:46 1:39 0:00
Marc Staal 0 0 0 0 0 0 0 0 1 2 0/0 26:26 1:41 0:56
Max Pacioretty 0 0 0 1 0 2 2 0 1 0 0/1 15:09 0:00 0:00
Michael Rupp 0 0 0 1 0 3 2 0 1 0 1/1 15:47 0:00 0:38
Mike Comrie 2 0 2 1 0 4 1 1 0 0 3/10 13:34 0:00 1:32
Pierre-Marc Bouchard 0 0 0 1 0 3 1 0 0 0 9/18 17:21 1:53 0:00
Rostislav Olesz 2 0 2 1 0 2 1 0 0 1 0/0 12:55 1:53 0:00
Ryan Smyth 0 0 0 -2 0 2 1 0 0 0 1/1 20:29 1:44 0:00
Shane O'Brien 0 0 0 -1 0 1 0 3 0 0 0/0 17:18 0:00 0:49
Tim Ramholt 0 1 1 2 0 0 1 0 0 0 0/0 17:02 0:00 0:00
Players Stats for Capitals
Player Name G A P +/- PIM S H SB GA TA FO MP PP MP PK MP
------------------------------------------------------------------------------------
Adam Hall 0 0 0 -2 0 0 1 0 0 1 0/1 10:29 0:00 1:17
Ales Hemsky 0 0 0 0 0 2 1 0 0 0 1/2 15:53 0:00 0:03
Anton Volchenkov 0 0 0 0 0 4 1 1 0 1 0/0 22:27 0:07 0:57
Boyd Devereaux 0 0 0 -2 0 0 1 0 0 0 0/1 10:02 0:00 1:12
Brent Seabrook 0 0 0 0 0 0 0 0 0 0 0/0 22:27 0:07 0:57
Bryce Salvador 0 0 0 0 0 2 0 0 0 0 0/0 14:06 0:00 1:47
Chris Kunitz 0 0 0 -2 0 0 0 0 0 1 0/0 10:09 0:00 1:33
Loui Eriksson 0 0 0 0 0 2 0 1 1 0 0/0 15:35 0:34 0:30
Mark Giordano 0 0 0 0 0 0 0 0 0 1 0/0 21:27 1:38 1:21
Nicklas Backstrom 0 3 3 2 0 3 3 0 1 0 24/39 21:45 1:11 0:22
Paul Stastny 1 0 1 -1 0 2 0 0 2 0 4/5 13:52 0:00 0:00
Phil Kessel 3 0 3 2 2 5 1 1 1 1 0/2 21:19 1:10 0:00
Pierre-Alexandre Parente 0 0 0 -1 0 1 0 0 0 0 0/1 13:52 0:00 0:00
Ryan Getzlaf 0 0 0 0 2 0 0 0 1 0 4/7 17:27 0:34 0:50
Ryan Suter 0 0 0 -1 0 0 1 4 0 0 0/0 19:43 0:00 0:00
Ryane Clowe 0 1 1 -1 0 0 0 1 0 0 0/0 16:01 0:34 1:35
Thomas Vanek 0 0 0 2 0 6 2 0 1 1 0/1 19:36 1:11 0:00
Zdeno Chara 0 1 1 -1 0 0 2 1 0 0 0/0 29:50 1:38 2:20
3 Stars
1 - Phil Kessel (Was)
2 - Mike Comrie (Col)
3 - Nicklas Backstrom (Was)
Power Play
Avalanche - 0 on 2 Attempt(s) - 0,00%
Capitals - 1 on 2 Attempt(s) - 50,00%
Penalty Kill
Avalanche - 1 on 2 Attempt(s) - 50,00%
- Score 0 goal in Penalty Kill
Capitals - 2 on 2 Attempt(s) - 100,00%
- Score 0 goal in Penalty Kill
Team Stat
Avalanche - Hits : 17 - Faceoff Wins : 26 - Blocked Shots : 8 - Penalty Minutes : 4
Capitals - Hits : 13 - Faceoff Wins : 33 - Blocked Shots : 9 - Penalty Minutes : 4
Official
Referees : VanMassenhoven Don and Kimmerly Greg
Linesman : Brad Kovachik and Don Henderson
Game Notes
Phil Kessel has scored a Hat Trick!
Finance
Level 1 -- Attendance: 6000 (100,00%) -- Ticket Income 462 000 $
Level 2 -- Attendance: 4676 (93,52%) -- Ticket Income 196 392 $
Level 3 -- Attendance: 2000 (100,00%) -- Ticket Income 54 000 $
Level 4 -- Attendance: 3719 (92,98%) -- Ticket Income 59 504 $
Luxury Box -- Attendance: 925 (92,50%) -- Ticket Income 150 775 $
Game was played at the Verizon Center'
Total Attendance: 17320 (96,22%)
Total Ticket Income: 922 671 $
Other Income: 138 401 $
Total Income: 1 061 072 $
Avalanche
5 vs 5 Forward
Center Left Wing Right Wing Time % Phy DF OF
1 Jason Allison Ryan Smyth Jason Pominville 35 1 2 2
2 Pierre-Marc Bouchard Max Pacioretty Michael Rupp 35 1 2 2
3 Mike Comrie Andrew Ladd Dustin Byfuglien 15 1 2 2
4 Bryan Little Rostislav Olesz Chuck Kobasew 15 1 2 2
5 vs 5 Defense
Defense Defense Time % Phy DF OF
1 Jack Johnson Marc Staal 40 1 2 2
2 Dave Tanabe Shane O'Brien 30 1 2 2
3 Brian Campbell Tim Ramholt 30 1 2 2
4 Jack Johnson Marc Staal 0 1 2 2
PowerPlay Forward
Center Left Wing Right Wing Time % Phy DF OF
1 Jason Allison Ryan Smyth Jason Pominville 60 1 2 2
2 Pierre-Marc Bouchard Rostislav Olesz Bryan Little 40 1 2 2
PowerPlay Defense
Defense Defense Time % Phy DF OF
1 Jack Johnson Brian Campbell 60 1 2 2
2 Dave Tanabe Marc Staal 40 1 2 2
Penalty Kill 4 Players Forward
Center Wing Time % Phy DF OF
1 Mike Comrie Andrew Ladd 60 1 2 2
2 Dustin Byfuglien Chuck Kobasew 40 1 2 2
Penalty Kill 4 Players Defense
Defense Defense Time % Phy DF OF
1 Jack Johnson Marc Staal 60 1 2 2
2 Dave Tanabe Shane O'Brien 40 1 2 2
Penalty Kill - 3 Players Forward
Forward Time % Phy DF OF
1 Mike Comrie 60 1 2 2
2 Jason Pominville 40 1 2 2
Penalty Kill - 3 Players Defense
Defense Defense Time % Phy DF OF
1 Jack Johnson Marc Staal 60 1 2 2
2 Dave Tanabe Shane O'Brien 40 1 2 2
4 vs 4 Forward
Center Wing Time % Phy DF OF
1 Jason Allison Jason Pominville 60 1 2 2
2 Mike Comrie Ryan Smyth 40 1 2 2
4 vs 4 Defense
Defense Defense Time % Phy DF OF
1 Jack Johnson Marc Staal 60 1 2 2
2 Dave Tanabe Brian Campbell 40 1 2 2
Last Minutes Offensive
Center Left Wing Right Wing Defense Defense
Jason Allison Ryan Smyth Jason Pominville Jack Johnson Brian Campbell
Last Minutes Defensive
Center Left Wing Right Wing Defense Defense
Mike Comrie Ryan Smyth Dustin Byfuglien Jack Johnson Marc Staal
Goaltenders
Starting : Marty Turco
Backup : Jimmy Howard
Extra Forwards
Normal : Dustin Byfuglien, Andrew Ladd, Chuck Kobasew - PP : Dustin Byfuglien, Andrew Ladd - PK : Chuck Kobasew
Extra Defensemen
Normal : Brian Campbell, Shane O'Brien, Dave Tanabe - PP : Brian Campbell - PK : Shane O'Brien, Dave Tanabe
Penalty Shots
Dustin Byfuglien, Jason Pominville, Pierre-Marc Bouchard, Ryan Smyth, Mike Comrie
Capitals
5 vs 5 Forward
Center Left Wing Right Wing Time % Phy DF OF
1 Nicklas Backstrom Thomas Vanek Phil Kessel 40 1 2 2
2 Ryan Getzlaf Loui Eriksson Ales Hemsky 30 1 2 2
3 Paul Stastny Ryane Clowe Pierre-Alexandre Parentea25 1 2 2
4 Boyd Devereaux Chris Kunitz Adam Hall 5 1 2 2
5 vs 5 Defense
Defense Defense Time % Phy DF OF
1 Zdeno Chara Ryan Suter 40 1 2 2
2 Anton Volchenkov Brent Seabrook 30 1 2 2
3 Bryce Salvador Mark Giordano 20 1 2 2
4 Mark Giordano Zdeno Chara 10 1 2 2
PowerPlay Forward
Center Left Wing Right Wing Time % Phy DF OF
1 Nicklas Backstrom Thomas Vanek Phil Kessel 60 1 2 2
2 Ryan Getzlaf Loui Eriksson Ryane Clowe 40 1 2 2
PowerPlay Defense
Defense Defense Time % Phy DF OF
1 Zdeno Chara Mark Giordano 60 1 2 2
2 Anton Volchenkov Brent Seabrook 40 1 2 2
Penalty Kill 4 Players Forward
Center Wing Time % Phy DF OF
1 Ryan Getzlaf Ryane Clowe 60 1 2 2
2 Boyd Devereaux Chris Kunitz 40 1 2 2
Penalty Kill 4 Players Defense
Defense Defense Time % Phy DF OF
1 Zdeno Chara Bryce Salvador 60 1 2 2
2 Anton Volchenkov Brent Seabrook 40 1 2 2
Penalty Kill - 3 Players Forward
Forward Time % Phy DF OF
1 Boyd Devereaux 60 1 2 2
2 Nicklas Backstrom 40 1 2 2
Penalty Kill - 3 Players Defense
Defense Defense Time % Phy DF OF
1 Zdeno Chara Bryce Salvador 60 1 2 2
2 Anton Volchenkov Brent Seabrook 40 1 2 2
4 vs 4 Forward
Center Wing Time % Phy DF OF
1 Nicklas Backstrom Phil Kessel 60 1 2 2
2 Ryan Getzlaf Thomas Vanek 40 1 2 2
4 vs 4 Defense
Defense Defense Time % Phy DF OF
1 Zdeno Chara Mark Giordano 60 1 2 2
2 Anton Volchenkov Brent Seabrook 40 1 2 2
Last Minutes Offensive
Center Left Wing Right Wing Defense Defense
Nicklas Backstrom Thomas Vanek Phil Kessel Zdeno Chara Anton Volchenkov
Last Minutes Defensive
Center Left Wing Right Wing Defense Defense
Nicklas Backstrom Loui Eriksson Adam Hall Zdeno Chara Anton Volchenkov
Goaltenders
Starting : Jaroslav Halak
Backup : Tim Thomas
Extra Forwards
Normal : Ales Hemsky, Phil Kessel, Adam Hall - PP : Ales Hemsky, Phil Kessel - PK : Adam Hall
Extra Defensemen
Normal : Ryan Suter, Mark Giordano, Anton Volchenkov - PP : Ryan Suter - PK : Mark Giordano, Anton Volchenkov
Penalty Shots
Ryane Clowe, Nicklas Backstrom, Ryan Getzlaf, Paul Stastny, Loui Eriksson
% Time on Ice - Avalanche
Lines # - Real PCT - Wanted PCT - Time Play
Normal Forward
1 - 32% - 35% - 17:18
2 - 30% - 35% - 16:17
3 - 19% - 15% - 10:35
4 - 19% - 15% - 10:07
Normal Defense
1 - 37% - 40% - 20:17
2 - 31% - 30% - 16:58
3 - 31% - 30% - 17:02
4 - 0% - 0% - 0:00
PP Forward
1 - 49% - 60% - 1:48
2 - 51% - 40% - 1:53
PP Defense
1 - 59% - 60% - 2:11
2 - 41% - 40% - 1:30
PK Forward
1 - 100% - 60% - 1:45
2 - 0% - 40% - 0:00
PK Defense
1 - 53% - 60% - 0:56
2 - 47% - 40% - 0:49
PK3 Forward
1 - 0% - 60%
2 - 0% - 40%
PK3 Defense
1 - 0% - 60%
2 - 0% - 40%
44 Forward
1 - 73% - 60% - 3:50
2 - 27% - 40% - 1:27
44 Defense
1 - 62% - 60% - 3:17
2 - 38% - 40% - 2:00
Last Minute Offensive - 0:00
Last Minute Defensive - 0:00
Total
Forward - 65:00
Defense - 65:00
|
% Time on Ice - Capitals
Lines # - Real PCT - Wanted PCT - Time Play
Normal Forward
1 - 34% - 40% - 18:14
2 - 26% - 30% - 14:17
3 - 26% - 25% - 13:52
4 - 14% - 5% - 7:44
Normal Defense
1 - 36% - 40% - 19:33
2 - 35% - 30% - 18:52
3 - 23% - 20% - 12:19
4 - 6% - 10% - 3:23
PP Forward
1 - 68% - 60% - 1:11
2 - 32% - 40% - 0:34
PP Defense
1 - 93% - 60% - 1:38
2 - 7% - 40% - 0:07
PK Forward
1 - 91% - 60% - 3:22
2 - 9% - 40% - 0:19
PK Defense
1 - 74% - 60% - 2:44
2 - 26% - 40% - 0:57
PK3 Forward
1 - 0% - 60%
2 - 0% - 40%
PK3 Defense
1 - 0% - 60%
2 - 0% - 40%
44 Forward
1 - 79% - 60% - 4:10
2 - 21% - 40% - 1:07
44 Defense
1 - 52% - 60% - 2:46
2 - 48% - 40% - 2:31
Last Minute Offensive - 0:10
Last Minute Defensive - 0:00
Total
Forward - 65:00
Defense - 65:00
|
Play by Play
1st period
0:01 of 1st period - Jason Allison wins face-off versus Nicklas Backstrom in neutral zone.
0:16 of 1st period - Snap shot by Jason Pominville.
0:16 of 1st period - Shot Misses the Net.
1:56 of 1st period - Wrist shot by Loui Eriksson.
1:56 of 1st period - Shot Misses the Net.
2:13 of 1st period - Icing by Michael Rupp.
2:14 of 1st period - Pierre-Marc Bouchard wins face-off versus Nicklas Backstrom in Avalanche zone.
2:19 of 1st period - Slapshot by Brian Campbell.
2:19 of 1st period - Stopped by Jaroslav Halak without a rebound.
2:20 of 1st period - Nicklas Backstrom wins face-off versus Pierre-Marc Bouchard in Capitals zone.
3:07 of 1st period - Ryane Clowe is hit by Bryan Little and loses puck.
4:30 of 1st period - Snap shot by Paul Stastny.
4:30 of 1st period - Shot Misses the Net.
4:38 of 1st period - Slapshot by Jack Johnson.
4:38 of 1st period - Stopped by Jaroslav Halak with a rebound.
4:48 of 1st period - Mike Comrie is hit by Thomas Vanek.
5:10 of 1st period - Snap shot by Jason Allison.
5:10 of 1st period - Shot Blocked by Anton Volchenkov.
5:12 of 1st period - Slapshot by Dave Tanabe.
5:12 of 1st period - Deflect By Jason Allison.
5:12 of 1st period - Stopped by Jaroslav Halak without a rebound.
5:13 of 1st period - Ryan Getzlaf wins face-off versus Jason Allison in Capitals zone.
5:24 of 1st period - Wrist shot by Jason Allison.
5:24 of 1st period - Shot Misses the Net.
5:26 of 1st period - Slapshot by Jason Pominville.
5:26 of 1st period - Shot Misses the Net.
5:28 of 1st period - Slapshot by Shane O'Brien.
5:28 of 1st period - Shot Misses the Net.
5:45 of 1st period - Snap shot by Pierre-Marc Bouchard.
5:45 of 1st period - Stopped by Jaroslav Halak with a rebound.
6:01 of 1st period - Dave Tanabe is hit by Phil Kessel and loses puck.
6:28 of 1st period - Snap shot by Chris Kunitz.
6:28 of 1st period - Shot Misses the Net.
6:42 of 1st period - Jason Pominville is hit by Ales Hemsky and loses puck.
6:49 of 1st period - Wrist shot by Loui Eriksson.
6:49 of 1st period - Shot Hit the Post.
7:07 of 1st period - Snap shot by Michael Rupp.
7:07 of 1st period - Shot Misses the Net.
7:36 of 1st period - Phil Kessel is hit by Bryan Little and loses puck.
8:16 of 1st period - Loui Eriksson is hit by Jason Pominville and loses puck.
9:13 of 1st period - Zdeno Chara is hit by Ryan Smyth and loses puck.
9:18 of 1st period - Snap shot by Jason Pominville.
9:18 of 1st period - Deflect By Ryan Smyth.
9:18 of 1st period - Stopped by Jaroslav Halak without a rebound.
9:19 of 1st period - Pierre-Marc Bouchard wins face-off versus Ryan Getzlaf in Capitals zone.
9:51 of 1st period - Snap shot by Nicklas Backstrom.
9:51 of 1st period - Stopped by Marty Turco without a rebound.
9:52 of 1st period - Nicklas Backstrom wins face-off versus Jason Allison in Avalanche zone.
9:53 of 1st period - Snap shot by Phil Kessel.
9:53 of 1st period - Goal by Phil Kessel - Avalanche : 0 - Capitals : 1.
9:54 of 1st period - Michael Rupp wins face-off versus Nicklas Backstrom in neutral zone.
10:03 of 1st period - Snap shot by Nicklas Backstrom.
10:03 of 1st period - Shot Misses the Net.
10:05 of 1st period - Snap shot by Nicklas Backstrom.
10:05 of 1st period - Stopped by Marty Turco with a rebound.
10:07 of 1st period - Backhand shot by Ryan Suter.
10:07 of 1st period - Shot Misses the Net.
10:26 of 1st period - Wrist shot by Ryan Smyth.
10:26 of 1st period - Shot Misses the Net.
11:23 of 1st period - Michael Rupp is hit by Boyd Devereaux.
12:09 of 1st period - Snap shot by Bryan Little.
12:09 of 1st period - Shot Misses the Net.
12:32 of 1st period - Snap shot by Nicklas Backstrom.
12:32 of 1st period - Deflect By Phil Kessel.
12:32 of 1st period - Shot Misses the Net.
12:32 of 1st period - Puck is out of play.
12:33 of 1st period - Jason Allison wins face-off versus Thomas Vanek in Avalanche zone.
12:37 of 1st period - Icing by Ryan Smyth.
12:38 of 1st period - Jason Allison wins face-off versus Nicklas Backstrom in Avalanche zone.
12:51 of 1st period - Wrist shot by Thomas Vanek.
12:51 of 1st period - Shot Blocked by Jason Allison.
12:53 of 1st period - Snap shot by Zdeno Chara.
12:53 of 1st period - Shot Misses the Net.
13:07 of 1st period - Snap shot by Pierre-Marc Bouchard.
13:07 of 1st period - Shot Hit the Post.
13:09 of 1st period - Slapshot by Brian Campbell.
13:09 of 1st period - Stopped by Jaroslav Halak with a rebound.
13:11 of 1st period - Snap shot by Pierre-Marc Bouchard.
13:11 of 1st period - Shot Blocked by Ryan Suter.
13:13 of 1st period - Backhand shot by Michael Rupp.
13:13 of 1st period - Stopped by Jaroslav Halak without a rebound.
13:14 of 1st period - Nicklas Backstrom wins face-off versus Pierre-Marc Bouchard in Capitals zone.
13:19 of 1st period - Wrist shot by Pierre-Marc Bouchard.
13:19 of 1st period - Stopped by Jaroslav Halak without a rebound.
13:20 of 1st period - Pierre-Marc Bouchard wins face-off versus Nicklas Backstrom in Capitals zone.
13:24 of 1st period - Off-side.
13:25 of 1st period - Nicklas Backstrom wins face-off versus Jason Allison in neutral zone.
13:28 of 1st period - Snap shot by Nicklas Backstrom.
13:28 of 1st period - Deflect By Phil Kessel.
13:28 of 1st period - Stopped by Marty Turco with a rebound.
14:00 of 1st period - Wrist shot by Loui Eriksson.
14:00 of 1st period - Deflect By Ales Hemsky.
14:00 of 1st period - Stopped by Marty Turco with a rebound.
14:16 of 1st period - Snap shot by Michael Rupp.
14:16 of 1st period - Stopped by Jaroslav Halak without a rebound.
14:17 of 1st period - Pierre-Marc Bouchard wins face-off versus Nicklas Backstrom in Capitals zone.
14:30 of 1st period - Slapshot by Nicklas Backstrom.
14:30 of 1st period - Shot Misses the Net.
14:32 of 1st period - Snap shot by Phil Kessel.
14:32 of 1st period - Stopped by Marty Turco with a rebound.
14:42 of 1st period - Zdeno Chara is hit by Tim Ramholt and loses puck.
14:53 of 1st period - Brent Seabrook is hit by Dustin Byfuglien.
15:50 of 1st period - Slapshot by Anton Volchenkov.
15:50 of 1st period - Stopped by Marty Turco with a rebound.
15:52 of 1st period - Snap shot by Nicklas Backstrom.
15:52 of 1st period - Shot Misses the Net.
15:54 of 1st period - Slapshot by Brent Seabrook.
15:54 of 1st period - Shot Blocked by Shane O'Brien.
15:56 of 1st period - Wrist shot by Nicklas Backstrom.
15:56 of 1st period - Shot Blocked by Shane O'Brien.
16:08 of 1st period - Wrist shot by Mike Comrie.
16:08 of 1st period - Stopped by Jaroslav Halak with a rebound.
16:16 of 1st period - Snap shot by Mike Comrie.
16:16 of 1st period - Stopped by Jaroslav Halak with a rebound.
16:18 of 1st period - Snap shot by Andrew Ladd.
16:18 of 1st period - Stopped by Jaroslav Halak without a rebound.
16:19 of 1st period - Jason Allison wins face-off versus Nicklas Backstrom in Capitals zone.
17:13 of 1st period - Snap shot by Mike Comrie.
17:13 of 1st period - Shot Misses the Net.
17:55 of 1st period - Snap shot by Jason Pominville.
17:55 of 1st period - Stopped by Jaroslav Halak without a rebound.
17:56 of 1st period - Jason Allison wins face-off versus Ryan Getzlaf in Capitals zone.
18:05 of 1st period - Wrist shot by Ryan Smyth.
18:05 of 1st period - Shot Blocked by Loui Eriksson.
18:07 of 1st period - Wrist shot by Jason Allison.
18:07 of 1st period - Deflect By Ryan Smyth.
18:07 of 1st period - Stopped by Jaroslav Halak with a rebound.
18:32 of 1st period - Wrist shot by Thomas Vanek.
18:32 of 1st period - Stopped by Marty Turco without a rebound.
18:33 of 1st period - Paul Stastny wins face-off versus Pierre-Marc Bouchard in Avalanche zone.
19:10 of 1st period - Snap shot by Nicklas Backstrom.
19:10 of 1st period - Shot Blocked by Shane O'Brien.
Goals for this period are 0 for Avalanche vs 1 for Capitals.
Shots for this period are 14 for Avalanche vs 8 for Capitals.
2nd period
0:01 of 2nd period - Nicklas Backstrom wins face-off versus Pierre-Marc Bouchard in neutral zone.
0:06 of 2nd period - Wrist shot by Thomas Vanek.
0:06 of 2nd period - Stopped by Marty Turco without a rebound.
0:07 of 2nd period - Pierre-Marc Bouchard wins face-off versus Nicklas Backstrom in Avalanche zone.
0:20 of 2nd period - Slapshot by Pierre-Marc Bouchard.
0:20 of 2nd period - Deflect By Max Pacioretty.
0:20 of 2nd period - Stopped by Jaroslav Halak with a rebound.
0:22 of 2nd period - Slapshot by Jack Johnson.
0:22 of 2nd period - Stopped by Jaroslav Halak with a rebound.
1:21 of 2nd period - Wrist shot by Pierre-Marc Bouchard.
1:21 of 2nd period - Shot Misses the Net.
1:52 of 2nd period - Ryan Suter is hit by Dustin Byfuglien and loses puck.
2:52 of 2nd period - Wrist shot by Rostislav Olesz.
2:52 of 2nd period - Goal by Rostislav Olesz - Avalanche : 1 - Capitals : 1.
2:53 of 2nd period - Nicklas Backstrom wins face-off versus Max Pacioretty in neutral zone.
3:41 of 2nd period - Wrist shot by Paul Stastny.
3:41 of 2nd period - Goal by Paul Stastny - Avalanche : 1 - Capitals : 2.
3:42 of 2nd period - Nicklas Backstrom wins face-off versus Pierre-Marc Bouchard in neutral zone.
3:57 of 2nd period - Snap shot by Michael Rupp.
3:57 of 2nd period - Shot Misses the Net.
4:07 of 2nd period - Jason Pominville is hit by Ryan Suter and loses puck.
4:18 of 2nd period - Snap shot by Ryane Clowe.
4:18 of 2nd period - Deflect By Pierre-Alexandre Parenteau.
4:18 of 2nd period - Stopped by Marty Turco with a rebound.
4:55 of 2nd period - Slapshot by Ryan Smyth.
4:55 of 2nd period - Deflect By Jason Pominville.
4:55 of 2nd period - Stopped by Jaroslav Halak with a rebound.
5:19 of 2nd period - Slapshot by Max Pacioretty.
5:19 of 2nd period - Shot Misses the Net.
5:21 of 2nd period - Snap shot by Max Pacioretty.
5:21 of 2nd period - Shot Blocked by Ryan Suter.
5:23 of 2nd period - Snap shot by Michael Rupp.
5:23 of 2nd period - Shot Misses the Net.
5:25 of 2nd period - Slapshot by Jack Johnson.
5:25 of 2nd period - Shot Blocked by Zdeno Chara.
5:27 of 2nd period - Snap shot by Pierre-Marc Bouchard.
5:27 of 2nd period - Stopped by Jaroslav Halak without a rebound.
5:28 of 2nd period - Mike Comrie wins face-off versus Paul Stastny in Capitals zone.
5:29 of 2nd period - Snap shot by Dustin Byfuglien.
5:29 of 2nd period - Shot Blocked by Ryane Clowe.
5:31 of 2nd period - Snap shot by Mike Comrie.
5:31 of 2nd period - Shot Blocked by Ryan Suter.
5:33 of 2nd period - Slapshot by Mike Comrie.
5:33 of 2nd period - Goal by Mike Comrie - Avalanche : 2 - Capitals : 2.
5:34 of 2nd period - Pierre-Marc Bouchard wins face-off versus Nicklas Backstrom in neutral zone.
5:37 of 2nd period - Phil Kessel is hit by Michael Rupp and loses puck.
6:10 of 2nd period - Wrist shot by Paul Stastny.
6:10 of 2nd period - Stopped by Marty Turco with a rebound.
6:12 of 2nd period - Slapshot by Zdeno Chara.
6:12 of 2nd period - Shot Misses the Net.
6:32 of 2nd period - Snap shot by Loui Eriksson.
6:32 of 2nd period - Stopped by Marty Turco without a rebound.
6:33 of 2nd period - Nicklas Backstrom wins face-off versus Dustin Byfuglien in Avalanche zone.
6:38 of 2nd period - Wrist shot by Thomas Vanek.
6:38 of 2nd period - Stopped by Marty Turco with a rebound.
6:40 of 2nd period - Wrist shot by Thomas Vanek.
6:40 of 2nd period - Shot Misses the Net.
6:42 of 2nd period - Slapshot by Thomas Vanek.
6:42 of 2nd period - Stopped by Marty Turco with a rebound.
6:49 of 2nd period - Icing by Dustin Byfuglien.
6:50 of 2nd period - Ryan Getzlaf wins face-off versus Mike Comrie in Avalanche zone.
7:07 of 2nd period - Snap shot by Dustin Byfuglien.
7:07 of 2nd period - Stopped by Jaroslav Halak with a rebound.
7:23 of 2nd period - Slapshot by Michael Rupp.
7:23 of 2nd period - Shot Misses the Net.
7:25 of 2nd period - Slapshot by Dave Tanabe.
7:25 of 2nd period - Deflect By Max Pacioretty.
7:25 of 2nd period - Stopped by Jaroslav Halak with a rebound.
7:27 of 2nd period - Snap shot by Pierre-Marc Bouchard.
7:27 of 2nd period - Shot Misses the Net.
7:29 of 2nd period - Slapshot by Dave Tanabe.
7:29 of 2nd period - Shot Misses the Net.
8:50 of 2nd period - Backhand shot by Thomas Vanek.
8:50 of 2nd period - Deflect By Nicklas Backstrom.
8:50 of 2nd period - Shot Misses the Net.
8:50 of 2nd period - Puck is out of play.
8:51 of 2nd period - Ryan Smyth wins face-off versus Nicklas Backstrom in Avalanche zone.
10:01 of 2nd period - Slapshot by Mike Comrie.
10:01 of 2nd period - Goal by Mike Comrie - Avalanche : 3 - Capitals : 2.
10:02 of 2nd period - Nicklas Backstrom wins face-off versus Jason Pominville in neutral zone.
10:08 of 2nd period - Minor Penalty to Jason Allison for Hooking.
10:09 of 2nd period - Nicklas Backstrom wins face-off versus Mike Comrie in Avalanche zone.
10:11 of 2nd period - Snap shot by Phil Kessel.
10:11 of 2nd period - Goal by Phil Kessel - Avalanche : 3 - Capitals : 3.
10:12 of 2nd period - Jason Allison wins face-off versus Nicklas Backstrom in neutral zone.
11:02 of 2nd period - Snap shot by Ryan Getzlaf.
11:02 of 2nd period - Shot Misses the Net.
11:25 of 2nd period - Snap shot by Bryan Little.
11:25 of 2nd period - Shot Misses the Net.
11:45 of 2nd period - Snap shot by Jason Allison.
11:45 of 2nd period - Shot Misses the Net.
11:54 of 2nd period - Marc Staal is hit by Nicklas Backstrom.
12:46 of 2nd period - Off-side.
12:47 of 2nd period - Bryan Little wins face-off versus Boyd Devereaux in neutral zone.
13:23 of 2nd period - Snap shot by Boyd Devereaux.
13:23 of 2nd period - Shot Misses the Net.
13:25 of 2nd period - Backhand shot by Mark Giordano.
13:25 of 2nd period - Shot Misses the Net.
13:39 of 2nd period - Backhand shot by Shane O'Brien.
13:39 of 2nd period - Deflect By Brent Seabrook.
13:39 of 2nd period - Stopped by Jaroslav Halak with a rebound.
13:59 of 2nd period - Wrist shot by Rostislav Olesz.
13:59 of 2nd period - Shot Misses the Net.
14:01 of 2nd period - Snap shot by Rostislav Olesz.
14:01 of 2nd period - Deflect By Boyd Devereaux.
14:01 of 2nd period - Shot Misses the Net.
14:01 of 2nd period - Puck is out of play.
14:02 of 2nd period - Pierre-Marc Bouchard wins face-off versus Nicklas Backstrom in Capitals zone.
14:03 of 2nd period - Snap shot by Max Pacioretty.
14:03 of 2nd period - Shot Blocked by Phil Kessel.
15:30 of 2nd period - Snap shot by Ryan Smyth.
15:30 of 2nd period - Shot Misses the Net.
15:34 of 2nd period - Wrist shot by Jason Pominville.
15:34 of 2nd period - Shot Misses the Net.
17:43 of 2nd period - Slapshot by Andrew Ladd.
17:43 of 2nd period - Stopped by Jaroslav Halak without a rebound.
17:44 of 2nd period - Nicklas Backstrom wins face-off versus Mike Comrie in Capitals zone.
18:09 of 2nd period - Ryane Clowe is hit by Max Pacioretty and loses puck.
18:14 of 2nd period - Snap shot by Michael Rupp.
18:14 of 2nd period - Stopped by Jaroslav Halak without a rebound.
18:15 of 2nd period - Ryan Getzlaf wins face-off versus Pierre-Marc Bouchard in Capitals zone.
19:20 of 2nd period - Minor Penalty to Andrew Ladd for Holding.
19:21 of 2nd period - Nicklas Backstrom wins face-off versus Mike Comrie in Avalanche zone.
19:22 of 2nd period - Slapshot by Thomas Vanek.
19:22 of 2nd period - Shot Blocked by Mike Comrie.
19:36 of 2nd period - Slapshot by Nicklas Backstrom.
19:36 of 2nd period - Shot Hit the Post.
Goals for this period are 3 for Avalanche vs 2 for Capitals.
Shots for this period are 12 for Avalanche vs 8 for Capitals.
3rd period
0:01 of 3rd period - Mike Comrie wins face-off versus Nicklas Backstrom in neutral zone.
0:14 of 3rd period - Wrist shot by Thomas Vanek.
0:14 of 3rd period - Stopped by Marty Turco without a rebound.
0:15 of 3rd period - Nicklas Backstrom wins face-off versus Mike Comrie in Avalanche zone.
1:02 of 3rd period - Minor Penalty to Phil Kessel for Delaying the game.
1:03 of 3rd period - Jason Allison wins face-off versus Nicklas Backstrom in Capitals zone.
1:03 of 3rd period - Snap shot by Jason Pominville.
1:03 of 3rd period - Stopped by Jaroslav Halak without a rebound.
1:04 of 3rd period - Nicklas Backstrom wins face-off versus Jason Allison in Capitals zone.
1:20 of 3rd period - Penalty to Andrew Ladd is over, Andrew Ladd is back on ice.
1:29 of 3rd period - Rostislav Olesz is hit by Zdeno Chara and loses puck.
3:02 of 3rd period - Penalty to Phil Kessel is over, Phil Kessel is back on ice.
3:07 of 3rd period - Snap shot by Loui Eriksson.
3:07 of 3rd period - Stopped by Marty Turco with a rebound.
3:13 of 3rd period - Slapshot by Dustin Byfuglien.
3:13 of 3rd period - Stopped by Jaroslav Halak with a rebound.
3:15 of 3rd period - Wrist shot by Andrew Ladd.
3:15 of 3rd period - Stopped by Jaroslav Halak without a rebound.
3:16 of 3rd period - Nicklas Backstrom wins face-off versus Mike Comrie in Capitals zone.
3:16 of 3rd period - Nicklas Backstrom is hit by Mike Comrie.
3:57 of 3rd period - Slapshot by Bryce Salvador.
3:57 of 3rd period - Stopped by Marty Turco with a rebound.
3:59 of 3rd period - Slapshot by Bryce Salvador.
3:59 of 3rd period - Shot Misses the Net.
4:39 of 3rd period - Snap shot by Mike Comrie.
4:39 of 3rd period - Shot Misses the Net.
5:46 of 3rd period - Slapshot by Anton Volchenkov.
5:46 of 3rd period - Stopped by Marty Turco with a rebound.
5:48 of 3rd period - Backhand shot by Adam Hall.
5:48 of 3rd period - Shot Misses the Net.
5:50 of 3rd period - Slapshot by Brent Seabrook.
5:50 of 3rd period - Shot Misses the Net.
6:02 of 3rd period - Chuck Kobasew is hit by Thomas Vanek and loses puck.
6:43 of 3rd period - Ryan Getzlaf is hit by Michael Rupp.
7:05 of 3rd period - Ryan Smyth is hit by Nicklas Backstrom and loses puck.
7:22 of 3rd period - Boyd Devereaux is hit by Rostislav Olesz and loses puck.
7:27 of 3rd period - Snap shot by Rostislav Olesz.
7:27 of 3rd period - Goal by Rostislav Olesz - Avalanche : 4 - Capitals : 3.
7:28 of 3rd period - Nicklas Backstrom wins face-off versus Pierre-Marc Bouchard in neutral zone.
7:59 of 3rd period - Snap shot by Ryan Smyth.
7:59 of 3rd period - Shot Misses the Net.
8:22 of 3rd period - Slapshot by Anton Volchenkov.
8:22 of 3rd period - Deflect By Rostislav Olesz.
8:22 of 3rd period - Stopped by Marty Turco without a rebound.
8:23 of 3rd period - Nicklas Backstrom wins face-off versus Pierre-Marc Bouchard in Avalanche zone.
9:12 of 3rd period - Wrist shot by Chuck Kobasew.
9:12 of 3rd period - Shot Hit the Post.
9:30 of 3rd period - Anton Volchenkov is hit by Pierre-Marc Bouchard and loses puck.
10:01 of 3rd period - Snap shot by Jason Pominville.
10:01 of 3rd period - Stopped by Jaroslav Halak with a rebound.
10:51 of 3rd period - Slapshot by Brian Campbell.
10:51 of 3rd period - Stopped by Jaroslav Halak with a rebound.
11:10 of 3rd period - Minor Penalty to Ryan Getzlaf for Tripping.
11:11 of 3rd period - Jason Allison wins face-off versus Adam Hall in Capitals zone.
12:39 of 3rd period - Backhand shot by Bryan Little.
12:39 of 3rd period - Stopped by Jaroslav Halak without a rebound.
12:40 of 3rd period - Pierre-Marc Bouchard wins face-off versus Nicklas Backstrom in Capitals zone.
12:54 of 3rd period - Slapshot by Bryan Little.
12:54 of 3rd period - Shot Misses the Net.
13:10 of 3rd period - Penalty to Ryan Getzlaf is over, Ryan Getzlaf is back on ice.
13:47 of 3rd period - Dave Tanabe is hit by Anton Volchenkov and loses puck.
14:01 of 3rd period - Off-side.
14:02 of 3rd period - Jason Allison wins face-off versus Phil Kessel in neutral zone.
14:34 of 3rd period - Wrist shot by Brian Campbell.
14:34 of 3rd period - Stopped by Jaroslav Halak with a rebound.
14:36 of 3rd period - Snap shot by Andrew Ladd.
14:36 of 3rd period - Shot Misses the Net.
15:25 of 3rd period - Ales Hemsky is hit by Max Pacioretty and loses puck.
15:57 of 3rd period - Anton Volchenkov is hit by Dustin Byfuglien and loses puck.
16:11 of 3rd period - Icing by Anton Volchenkov.
16:12 of 3rd period - Ryan Getzlaf wins face-off versus Jason Allison in Capitals zone.
16:17 of 3rd period - Slapshot by Anton Volchenkov.
16:17 of 3rd period - Shot Blocked by Jason Allison.
16:19 of 3rd period - Slapshot by Bryce Salvador.
16:19 of 3rd period - Deflect By Tim Ramholt.
16:19 of 3rd period - Stopped by Marty Turco without a rebound.
16:20 of 3rd period - Nicklas Backstrom wins face-off versus Jason Allison in Avalanche zone.
16:36 of 3rd period - Icing by Brian Campbell.
16:37 of 3rd period - Jason Allison wins face-off versus Pierre-Alexandre Parenteau in Avalanche zone.
16:48 of 3rd period - Wrist shot by Jason Pominville.
16:48 of 3rd period - Shot Blocked by Ryan Suter.
17:00 of 3rd period - Snap shot by Jason Pominville.
17:00 of 3rd period - Shot Misses the Net.
17:08 of 3rd period - Snap shot by Jason Pominville.
17:08 of 3rd period - Stopped by Jaroslav Halak without a rebound.
17:09 of 3rd period - Nicklas Backstrom wins face-off versus Pierre-Marc Bouchard in Capitals zone.
17:14 of 3rd period - Snap shot by Nicklas Backstrom.
17:14 of 3rd period - Deflect By Thomas Vanek.
17:14 of 3rd period - Shot Misses the Net.
17:14 of 3rd period - Puck is out of play.
17:15 of 3rd period - Pierre-Marc Bouchard wins face-off versus Phil Kessel in Avalanche zone.
17:15 of 3rd period - Pierre-Marc Bouchard is hit by Nicklas Backstrom.
18:51 of 3rd period - Snap shot by Nicklas Backstrom.
18:51 of 3rd period - Stopped by Marty Turco with a rebound.
18:53 of 3rd period - Slapshot by Zdeno Chara.
18:53 of 3rd period - Shot Misses the Net.
18:55 of 3rd period - Snap shot by Phil Kessel.
18:55 of 3rd period - Goal by Phil Kessel - Avalanche : 4 - Capitals : 4.
18:56 of 3rd period - Paul Stastny wins face-off versus Jason Allison in neutral zone.
18:58 of 3rd period - Off-side.
18:59 of 3rd period - Paul Stastny wins face-off versus Jason Allison in neutral zone.
19:36 of 3rd period - Icing by Ryan Suter.
19:37 of 3rd period - Jason Pominville wins face-off versus Ryan Getzlaf in Capitals zone.
19:46 of 3rd period - Slapshot by Zdeno Chara.
19:46 of 3rd period - Shot Misses the Net.
19:50 of 3rd period - Slapshot by Ales Hemsky.
19:50 of 3rd period - Shot Misses the Net.
19:52 of 3rd period - Wrist shot by Ryan Getzlaf.
19:52 of 3rd period - Deflect By Ales Hemsky.
19:52 of 3rd period - Shot Misses the Net.
19:52 of 3rd period - Puck is out of play.
19:53 of 3rd period - Paul Stastny wins face-off versus Jason Allison in Avalanche zone.
Goals for this period are 1 for Avalanche vs 1 for Capitals.
Shots for this period are 9 for Avalanche vs 8 for Capitals.
Overtime #1
0:01 of 1st overtime period - Nicklas Backstrom wins face-off versus Jason Allison in neutral zone.
0:38 of 1st overtime period - Snap shot by Ales Hemsky.
0:38 of 1st overtime period - Shot Misses the Net.
0:40 of 1st overtime period - Slapshot by Brent Seabrook.
0:40 of 1st overtime period - Deflect By Ales Hemsky.
0:40 of 1st overtime period - Shot Blocked by Brian Campbell.
0:40 of 1st overtime period - Puck is out of play.
0:41 of 1st overtime period - Ales Hemsky wins face-off versus Mike Comrie in Avalanche zone.
0:42 of 1st overtime period - Wrist shot by Adam Hall.
0:42 of 1st overtime period - Deflect By Ales Hemsky.
0:42 of 1st overtime period - Stopped by Marty Turco without a rebound.
0:43 of 1st overtime period - Mike Comrie wins face-off versus Ales Hemsky in Avalanche zone.
0:58 of 1st overtime period - Slapshot by Mark Giordano.
0:58 of 1st overtime period - Shot Misses the Net.
1:10 of 1st overtime period - Marc Staal is hit by Adam Hall and loses puck.
1:19 of 1st overtime period - Slapshot by Dave Tanabe.
1:19 of 1st overtime period - Stopped by Jaroslav Halak without a rebound.
1:20 of 1st overtime period - Nicklas Backstrom wins face-off versus Jason Allison in Capitals zone.
1:20 of 1st overtime period - Nicklas Backstrom is hit by Jason Pominville.
2:10 of 1st overtime period - Slapshot by Thomas Vanek.
2:10 of 1st overtime period - Stopped by Marty Turco without a rebound.
2:11 of 1st overtime period - Nicklas Backstrom wins face-off versus Dustin Byfuglien in Avalanche zone.
2:12 of 1st overtime period - Snap shot by Phil Kessel.
2:12 of 1st overtime period - Shot Misses the Net.
2:27 of 1st overtime period - Icing by Jack Johnson.
2:28 of 1st overtime period - Nicklas Backstrom wins face-off versus Jason Allison in Avalanche zone.
3:29 of 1st overtime period - Slapshot by Anton Volchenkov.
3:29 of 1st overtime period - Deflect By Brian Campbell.
3:29 of 1st overtime period - Stopped by Marty Turco without a rebound.
3:30 of 1st overtime period - Nicklas Backstrom wins face-off versus Jason Allison in Avalanche zone.
3:39 of 1st overtime period - Jason Allison is hit by Zdeno Chara.
4:23 of 1st overtime period - Nicklas Backstrom is hit by Andrew Ladd and loses puck.
4:58 of 1st overtime period - Slapshot by Zdeno Chara.
4:58 of 1st overtime period - Shot Blocked by Jack Johnson.
Goals for this period are 0 for Avalanche vs 0 for Capitals.
Shots for this period are 1 for Avalanche vs 3 for Capitals.
ShootOut
5:00 of 1st overtime period - Penalty Shot by Dustin Byfuglien for Avalanche.
5:00 of 1st overtime period - Wrist shot by Dustin Byfuglien.
5:00 of 1st overtime period - Goal by Dustin Byfuglien.
5:00 of 1st overtime period - Penalty Shot by Ryane Clowe for Capitals.
5:00 of 1st overtime period - Deke by Ryane Clowe.
5:00 of 1st overtime period - Stopped by Marty Turco.
5:00 of 1st overtime period - Penalty Shot by Jason Pominville for Avalanche.
5:00 of 1st overtime period - Wrist shot by Jason Pominville.
5:00 of 1st overtime period - Shot Misses the Net.
5:00 of 1st overtime period - Penalty Shot by Nicklas Backstrom for Capitals.
5:00 of 1st overtime period - Wrist shot by Nicklas Backstrom.
5:00 of 1st overtime period - Stopped by Marty Turco.
5:00 of 1st overtime period - Penalty Shot by Pierre-Marc Bouchard for Avalanche.
5:00 of 1st overtime period - Snap shot by Pierre-Marc Bouchard.
5:00 of 1st overtime period - Shot Misses the Net.
5:00 of 1st overtime period - Penalty Shot by Ryan Getzlaf for Capitals.
5:00 of 1st overtime period - Snap shot by Ryan Getzlaf.
5:00 of 1st overtime period - Shot Misses the Net.
Output by the SimonT Hockey Simulator (STHS) for François Prévost -- Original Page W3C XHTML 1.0 Valid